Map: Oxide LE

Players

Gerald - Winner!

  • Race: Protoss Protoss

KingCobra

  • Race: Protoss Protoss

Event: DreamHack SC2 Masters 2021 Winter

VOD

Have the link to the VOD?

Description

Time

  • Played on: Oct. 8, 2021, 10:21 a.m.
  • Length: 9:41

All games in this series

Show
View Real Time Build Order
Export as new Build Order

Gerald Protoss - Winner!

Build Orders: Blink Stalkers 

Get SALT Encoding   

  12  0:00  Probe  
  13  0:13  Probe  
  14  0:17  Pylon  
  14  0:25  Probe (Chrono Boost)  
  16  0:37  Probe (Chrono Boost)  
  16  0:38  Gateway  
  16  0:42  Probe (Chrono Boost)  
  16  0:47  Assimilator  
  17  0:52  Probe (Chrono Boost)  
  17  0:54  Assimilator  
  19  1:04  Probe (Chrono Boost)  
  19  1:11  Gateway  
  19  1:13  Probe (Chrono Boost)  
  20  1:18  Probe  
  20  1:25  Cybernetics Core  
  21  1:30  Probe  
  22  1:34  Pylon  
  22  1:43  Probe  
  23  1:55  Probe  
  24  2:02  Stalker x2  
  24  2:06  Warp Gate (Chrono Boost)  
  24  2:07  Probe  
  29  2:12  Pylon  
  29  2:19  Probe  
  30  2:32  Stalker  
  30  2:34  Stalker  
  33  2:49  Probe  
  34  2:55  Nexus  
  34  3:01  Probe  
  35  3:05  Shield Battery  
  35  3:13  Probe  
  35  3:17  Twilight Council  
  36  3:26  Probe, Pylon  
  37  3:38  Probe  
  38  3:50  Probe (Chrono Boost)  
  38  3:53  Blink (Chrono Boost)  
  36  4:02  Probe (Chrono Boost)  
  36  4:05  Stalker  
  36  4:09  Probe (Chrono Boost)  
  39  4:11  Probe (Chrono Boost)  
  39  4:16  Shield Battery  
  40  4:17  Probe  
  40  4:22  Probe  
  42  4:26  Stalker  
  44  4:31  Stalker  
  44  4:34  Probe  
  44  4:36  Probe  
  48  4:42  Forge  
  48  4:46  Probe  
  48  4:51  Gateway, Probe  
  50  4:56  Robotics Facility  
  50  4:58  Probe  
  51  5:01  Stalker  
  51  5:03  Probe  
  54  5:10  Pylon  
  54  5:12  Protoss Ground Weapons Level 1 (Chrono Boost)  
  55  5:16  Gateway  
  54  5:27  Nexus  
  54  5:29  Probe  
  54  5:32  Stalker  
  54  5:35  Probe  
  58  5:39  Assimilator  
  58  5:43  Observer (Chrono Boost)  
  58  5:44  Probe  
  58  5:45  Stalker x2  
  58  5:48  Probe  
  65  5:59  Gateway x2, Probe  
  65  6:14  Probe  
  65  6:16  Probe  
  65  6:18  Observer, Charge  
  67  6:26  Stalker, Probe  
  67  6:27  Gateway x2  
  67  6:30  Pylon  
  67  6:31  Pylon  
  70  6:36  Pylon  
  70  6:39  Probe  
  71  6:41  Probe  
  72  6:47  Probe  
  72  6:50  Shield Battery  
  72  6:51  Probe  
  74  6:54  Gateway  
  74  6:55  Gateway  
  74  6:56  Probe  
  74  6:59  Templar Archives  
  75  7:07  Probe  
  77  7:08  Probe  
  77  7:19  Probe  
  77  7:22  Stalker x7  
  90  7:23  Probe  
  89  7:30  Warp Prism  
  89  7:32  Pylon  
  89  7:35  Assimilator  
  90  7:47  Pylon  
  90  7:51  Zealot  
  90  7:52  Zealot x4  
  100  8:01  Pylon  
  100  8:17  Nexus  
  100  8:18  Pylon  
  100  8:22  High Templar x3  
  100  8:23  High Templar  
  100  8:24  Zealot x5  
  100  8:25  Zealot  
  120  8:27  Archon x2  
  88  8:56  Stalker x7  
  88  8:58  Warp Prism (Chrono Boost)  
  88  8:59  Zealot  
  88  9:00  Zealot x2  
  106  9:03  Probe x2  
  106  9:05  Probe  
  93  9:36  Stalker x2  
  93  9:37  Stalker x6  
Show
View Real Time Build Order
Export as new Build Order

KingCobra Protoss 

Build Orders: Oracle Opening 

Get SALT Encoding   

  12  0:00  Probe  
  13  0:12  Probe  
  14  0:16  Pylon  
  14  0:24  Probe  
  15  0:34  Gateway  
  15  0:37  Probe (Chrono Boost)  
  16  0:46  Assimilator, Probe (Chrono Boost)  
  17  0:51  Probe (Chrono Boost)  
  17  0:54  Assimilator  
  18  1:03  Probe (Chrono Boost)  
  19  1:07  Pylon  
  19  1:12  Probe (Chrono Boost)  
  19  1:17  Probe (Chrono Boost)  
  20  1:24  Cybernetics Core  
  21  1:29  Probe  
  21  1:31  Zealot  
  24  1:41  Probe  
  25  1:53  Probe  
  26  2:02  Stargate  
  26  2:08  Stalker  
  28  2:21  Robotics Facility  
  28  2:26  Pylon  
  27  2:38  Probe  
  28  2:45  Oracle (Chrono Boost)  
  31  2:53  Shield Battery  
  31  2:58  Nexus  
  32  3:12  Immortal (Chrono Boost)  
  31  3:19  Probe  
  36  3:26  Pylon  
  36  3:31  Probe  
  35  3:57  Probe  
  35  3:58  Oracle  
  39  4:08  Observer  
  41  4:10  Probe (Chrono Boost)  
  41  4:14  Probe (Chrono Boost)  
  42  4:20  Probe (Chrono Boost)  
  42  4:22  Shield Battery  
  42  4:23  Probe (Chrono Boost)  
  44  4:29  Probe (Chrono Boost)  
  45  4:32  Immortal  
  45  4:33  Probe (Chrono Boost)  
  45  4:36  Assimilator  
  51  4:39  Assimilator, Probe x2 (Chrono Boost)  
  52  4:47  Probe  
  52  4:49  Probe  
  54  4:52  Pylon  
  54  4:59  Probe  
  55  5:01  Probe  
  56  5:11  Probe  
  56  5:13  Probe  
  58  5:15  Observer  
  58  5:19  Immortal (Chrono Boost)  
  62  5:24  Probe  
  62  5:25  Probe  
  62  5:26  Nexus  
  62  5:27  Observer  
  64  5:30  Forge  
  64  5:36  Probe  
  64  5:42  Fleet Beacon  
  65  5:43  Observer  
  65  5:53  Probe x2  
  67  5:59  Stargate  
  67  6:08  Probe x2  
  69  6:14  Protoss Air Weapons Level 1 (Chrono Boost)  
  69  6:20  Probe, Pylon  
  70  6:26  Pylon  
  70  6:32  Photon Cannon  
  70  6:37  Immortal  
  80  6:46  Shield Battery  
  86  6:48  Shield Battery  
  86  6:53  Carrier (Chrono Boost)  
  86  6:54  Photon Cannon  
  86  6:56  Photon Cannon, Carrier (Chrono Boost)  
  86  6:59  Pylon  
  86  7:04  Probe x3  
  89  7:25  Pylon  
  89  7:29  Pylon  
  89  7:35  Pylon  
  89  7:41  Pylon  
  89  7:43  Immortal, Probe x2  
  92  7:47  Observer  
  92  7:53  Nexus  
  92  7:59  Photon Cannon  
  92  8:02  Carrier (Chrono Boost)  
  98  8:12  Probe  
  98  8:20  Photon Cannon  
  98  8:27  Immortal  
  99  8:35  Probe x2  
  101  8:42  Carrier (Chrono Boost)  
  84  9:04  Photon Cannon  
  84  9:06  Photon Cannon  
  84  9:09  Shield Battery  
  88  9:11  Photon Cannon  

Tags
 
Add a new tag
Caveats
  • Supply blocks, unpowered buildings, or Contaminate may cause inaccurate times.
  • Supply counts are checked every 10 seconds.